 Dungeon Crawl Stone Soup version 0.31-a0-702-gf82c85558f (webtiles) character file.

Game seed: 587306652465562360

56 qw the Shooter (level 3, -7/22 HPs)
             Began as a Gargoyle Hunter on Sept 7, 2023.
             Mangled by Grinder (9 damage)
             ... on level 3 of the Dungeon.
             The game lasted 00:00:30 (1335 turns).

qw the Shooter (Gargoyle Hunter)                    Turns: 1335, Time: 00:00:30

Health: -7/22      AC:  8    Str: 14    XL:     3   Next: 95%
Magic:  3/3        EV: 10    Int:  9    God:
Gold:   101        SH:  0    Dex: 15    Spells: 2/2 levels left

rFire   . . .        Y - +0 shortbow
rCold   . . .        (shield currently unavailable)
rNeg    + . .        g - +0 ring mail
rPois   inf          (no helmet)
rElec   +            (no cloak)
rCorr   .            (no gloves)
SInv    .            (no boots)
Will    .....        i - amulet of the acrobat
Stlth   +            (no ring)
HPRegen 0.23/turn    (no ring)
MPRegen 0.08/turn

%: acrobat
@: no status effects
A: sickness immunity, AC +3, negative energy resistance 1, electricity
resistance, torment resistance 1, petrification resistance
a: no special abilities


You were on level 3 of the Dungeon.
You visited 1 branch of the dungeon, and saw 3 of its levels.

You collected 154 gold pieces.
You spent 53 gold pieces at shops.


Innate Abilities, Weirdness & Mutations

You are immune to sickness and miasma.
Your stone body is resilient. (AC +3)
You are immune to poison.
You resist negative energy. (rN+)
You are resistant to electric shocks. (rElec)
You are resistant to unholy torment.
You are immune to petrification.


   Skills:
 + Level 2.9 Fighting
 - Level 5.0 Ranged Weapons
 - Level 1.0 Armour
 - Level 1.5 Dodging
 - Level 1.1 Stealth


You had 2 spell levels left.
You didn't know any spells.
Your spell library was empty.

Inventory:

Hand Weapons
 Y - a +0 shortbow (weapon)
Armour
 g - a +0 ring mail (worn)
Jewellery
 b - a ring of ice
 i - an amulet of the acrobat (around neck)
Scrolls
 f - a scroll of identify
Potions
 d - 2 potions of might
 e - a potion of resistance {unknown}
 h - 2 potions of curing
 k - a potion of brilliance {unknown}

Dungeon Overview and Level Annotations

Branches:
Dungeon (3/15)

Altars:

Shops:
D:1 *!(

Annotations:
D:3 Grinder


Message History

The orc barely misses you. The orc closely misses you.
The orc hits you with a +0 falchion.
Grinder moves out of view.
You shoot an arrow. The arrow hits the orc.
The orc is severely wounded.
The orc barely misses you. The orc hits you with a +0 falchion!
The orc hits you but does no damage.
1329 |||
Found retreat position at 4,2 (floor) with 0 blocking monsters and 2 monsters attacking at destination at distance 4
1329 ||| Stepping ~*~*~tactically~*~*~ (retreating).
Grinder shouts!
The orc barely misses you. The orc completely misses you.
1330 |||
Found retreat position at 3,1 (Grinder; floor) with 0 blocking monsters and 1 monsters attacking at destination at distance 3
1330 ||| Stepping ~*~*~tactically~*~*~ (retreating).
Found a chain mail.
The orc completely misses you. Grinder gestures at you.
You barely resist.
1331 |||
Found retreat position at 2,1 (Grinder; floor) with 0 blocking monsters and 1 monsters attacking at destination at distance 2
1331 ||| Stepping ~*~*~tactically~*~*~ (retreating).
A dart slug comes into view.
The orc attacks as it pursues you! The orc closely misses you.
Grinder completely misses you.
1332 |||
Found retreat position at 1,0 (Grinder; floor) with 0 blocking monsters and 2 monsters attacking at destination at distance 1 You shoot an arrow.
The arrow closely misses Grinder.
The orc hits you but does no damage.
Grinder blinks!
The orc closely misses you.
1333 |||
Found retreat position at 1,0 (floor) with 0 blocking monsters and 2 monsters attacking at destination at distance 1
1333 ||| Stepping ~*~*~tactically~*~*~ (retreating).
1334 |||
Found retreat position at -1,0 (orc; floor) with 0 blocking monsters and 2 monsters attacking at destination at distance 1 You shoot an arrow.
The arrow hits the orc.
The orc is almost dead.
The orc hits you but does no damage. The orc hits you with a +0 short sword.
1335 |||
Found retreat position at -1,0 (orc; floor) with 0 blocking monsters and 2 monsters attacking at destination at distance 1 You shoot an arrow.
The arrow barely misses the orc.
The arrow hits the orc but does no damage.
The orc is moderately wounded.
The orc closely misses you. The dart slug launches a dart at you.
The slug dart hits you but does no damage.
Grinder hits you!
You die...
Grinder says, "Now the real fun starts!"

########.#
#...........
#..........#
##..........#
........w..#
##..........#
#.#<.?........#
#....o##.......
#....oo@5......
#..#####.......
#.... .<.....
#..## .......
#>. ....[.. #.#
####### #


You could see Grinder, a dart slug and 3 orcs.

Vanquished Creatures
  2 adders (D:2)
  An orc (D:2)
  5 endoplasms
  5 goblins (D:2)
  2 hobgoblins
  4 jackals (D:1)
  A quokka (D:2)
  2 ball pythons (D:2)
  3 bats (D:2)
  2 frilled lizards
  2 kobolds (D:1)
  5 rats
34 creatures vanquished.

Notes
Turn   | Place    | Note
-------+----------+-------------------------------------------
     0 | D:1      | qw the Gargoyle Hunter began the quest for the Orb.
     0 | D:1      | Reached XP level 1. HP: 12/12 MP: 1/1
     0 | D:1      | 0 ||| qw: Version: 0.3-a-76-g4403597
     0 | D:1      | 0 ||| qw: Game counter: 852
     0 | D:1      | 0 ||| qw: Melee chars always use a shield: true
     0 | D:1      | 0 ||| qw: God list: Okawaru
     0 | D:1      | 0 ||| qw: Allow faded altars: false
     0 | D:1      | 0 ||| qw: Do Orc after clearing Dungeon:15 true
     0 | D:1      | 0 ||| qw: Do second Lair branch before Depths: true
     0 | D:1      | 0 ||| qw: Lair rune preference: random
     0 | D:1      | 0 ||| qw: Goals: Normal
     0 | D:1      | 0 ||| PLANNING D:1-11
    66 | D:1      | Found Ryzom's General Store.
    72 | D:1      | 72 ||| SHOPLISTING scroll of enchant weapon (75 gold, have
                  | 32).
    72 | D:1      | 72 ||| BUYING scroll of identify (20 gold).
    72 | D:1      | Bought a scroll of identify for 20 gold pieces
    72 | D:1      | 72 ||| SHOPLISTING scroll of teleportation (30 gold, have
                  | 12).
   127 | D:1      | Reached XP level 2. HP: 17/17 MP: 2/2
   149 | D:1      | Found Xengaach's Distillery.
   157 | D:1      | 157 ||| BUYING potion of curing (33 gold).
   157 | D:1      | Bought a potion of curing for 33 gold pieces
   157 | D:1      | 157 ||| SHOPLISTING potion of curing (33 gold, have 14).
   157 | D:1      | 157 ||| SHOPLISTING potion of haste (110 gold, have 14).
   157 | D:1      | 157 ||| SHOPLISTING potion of heal wounds (55 gold, have
                  | 14).
   157 | D:1      | 157 ||| SHOPLISTING potion of mutation (88 gold, have 14).
   588 | D:1      | Found Mylor's Weapon Boutique.
   597 | D:1      | 597 ||| SHOPLISTING +0 shortbow of draining (96 gold, have
                  | 45).
   627 | D:1      | 627 ||| UPGRADING to +0 ring mail.
   637 | D:1      | 637 ||| DROPPING +0 leather armour.
   638 | D:1      | 638 ||| UPGRADING to amulet of the acrobat.
   643 | D:1      | 643 ||| DRINKING 3 bubbling orange potions.
   644 | D:1      | 644 ||| DROPPING scroll of butterflies.
   697 | D:2      | Reached skill level 1 in Armour
   740 | D:2      | Reached XP level 3. HP: 21/21 MP: 3/3
   911 | D:2      | Reached skill level 5 in Ranged Weapons
  1055 | D:2      | Found a faded altar of an unknown god.
  1166 | D:2      | 1166 ||| READING scroll labelled QOFAMP HOPYS.
  1167 | D:2      | 1167 ||| DRINKING 2 bubbling grey potions.
  1271 | D:2      | 1271 ||| DROPPING potion of berserk rage.
  1312 | D:3      | 1312 ||| STAIRDANCE
  1327 | D:3      | Noticed Grinder
  1328 | D:3      | HP: 4/22 [orc/+0 falchion (7)]
  1329 | D:3      | 1329 ||| Stepping ~*~*~tactically~*~*~ (retreating).
  1330 | D:3      | 1330 ||| Stepping ~*~*~tactically~*~*~ (retreating).
  1331 | D:3      | 1331 ||| Stepping ~*~*~tactically~*~*~ (retreating).
  1333 | D:3      | 1333 ||| Stepping ~*~*~tactically~*~*~ (retreating).
  1334 | D:3      | HP: 1/22 [orc/+0 short sword (4)]
  1335 | D:3      | Mangled by Grinder

Levels and vault maps discovered:
D:1:      ebering_hopf_link, layout_loops_ring, serial_shops, shop,
          nicolae_square_shop, shop, nicolae_figureground_sparkle
D:2:      layout_rooms, shapermc_ecumenical_altar_ellora
D:3:      layout_basic, mainiacjoe_overflow_six_doors_small, uniq_grinder

Skill      XL: |  1  2  3 |
---------------+----------+-----
Armour         | 1 |  1.0
Ranged Weapons | 5 |  5.0
Fighting       | |  2.9
Dodging        | |  1.5
Stealth        | |  1.1

Action                     || total
---------------------------++-------
   Fire: Shortbow          ||   115
    Use: Potion            ||     2
         Scroll            ||     1
 Armour: Leather armour    ||     3
         Ring mail         ||    45
  Dodge: Dodged            ||    51

Table legend:
 A = Non-vault XP
 B = Vault XP
 C = Vault XP percentage of total XP
 D = Non-vault monster count
 E = Vault monster count
 F = Vault count percentage of total count
                 A         B        C        D         E       F
            +---------+---------+-------+---------+---------+-------
      Total |      80 |       0 |   0.0 |      34 |       0 |   0.0
            +---------+---------+-------+---------+---------+-------
        D:1 |      20 |       0 |   0.0 |      13 |       0 |   0.0
        D:2 |      58 |       0 |   0.0 |      20 |       0 |   0.0
        D:3 |       2 |       0 |   0.0 |       1 |       0 |   0.0
            +---------+---------+-------+---------+---------+-------
